 Dungeon Crawl Stone Soup version 0.24.0-125-gc4c63601f3 (webtiles) character file.

Game seed: 1415374925881399309, levelgen mode: deterministic

865 Peloso the Slasher (level 7, -5/60 HPs)
             Began as a Minotaur Fighter on Feb 26, 2020.
             Was a Follower of Okawaru.
             Killed from afar by an electric eel (7 damage)
             ... with a bolt of electricity
             ... on level 6 of the Dungeon.
             The game lasted 00:10:02 (5112 turns).

Peloso the Slasher (Minotaur Fighter)               Turns: 5112, Time: 00:10:03

Health: -5/60      AC: 14    Str: 21    XL:     7   Next: 72%
Magic:  6/6        EV:  7    Int:  5    God:    Okawaru [*.....]
Gold:   199        SH: 10    Dex: 11    Spells: 6/6 levels left

rFire    . . .     SeeInvis .   a - +0 long sword
rCold    . . .     Gourm    +   c - +0 shield
rNeg     . . .     Faith    .   H - +0 chain mail {rPois}
rPois    +         Spirit   .   (helmet restricted)
rElec    .         Reflect  .   m - +0 cloak
rCorr    .         Harm     .   p - +0 pair of gloves
MR       .....                  z - +0 pair of boots
Stlth    ..........             A - amulet of the gourmand
HPRegen  0.20/turn              i - ring of poison resistance (curse)
MPRegen  0.10/turn              (no ring)

@: very slow
A: retaliatory headbutt, horns 2
a: Heroism, Renounce Religion


You were on level 6 of the Dungeon.
You worshipped Okawaru.
Okawaru was aware of your devotion.
You were not hungry.

You visited 1 branch of the dungeon, and saw 6 of its levels.

You collected 342 gold pieces.
You spent 143 gold pieces at shops.

Inventory:

Hand Weapons
 a - a +0 long sword (weapon)
 b - a +2 dagger of flaming
Armour
 c - a +0 shield (worn)
 m - a +0 cloak (worn)
 p - a +0 pair of gloves (worn)
 z - a +0 pair of boots (worn)
 H - a +0 chain mail of poison resistance (worn)
Jewellery
 i - a cursed ring of poison resistance (left hand)
 A - an amulet of the gourmand (around neck)
Wands
 v - a wand of enslavement (7)
 x - a wand of paralysis (6)
 F - a wand of flame (18)
Scrolls
 g - 2 scrolls of remove curse
 h - 2 scrolls of enchant weapon {unknown}
 l - 3 scrolls of enchant armour {unknown}
 n - a scroll of random uselessness {unknown}
 o - 3 scrolls of magic mapping
 u - 3 scrolls of identify
 w - 6 scrolls of teleportation
 y - a scroll of fear
 B - a scroll of amnesia
 C - a scroll of noise
 D - a scroll of fog
Potions
 d - a potion of might
 e - 2 potions of mutation
 k - a potion of heal wounds {unknown}
 q - a potion of curing
 r - 2 potions of magic
 s - 2 potions of brilliance
 t - a potion of berserk rage {unknown}
 E - a potion of flight
Comestibles
 f - 7 rations


   Skills:
 + Level 4.8 Fighting
 + Level 6.4 Long Blades
 + Level 6.4 Armour
 + Level 1.8 Dodging
 + Level 0.5 Stealth
 + Level 6.0 Shields
 + Level 1.0 Evocations


You had 6 spell levels left.
You didn't know any spells.
Your spell library was empty.

Dungeon Overview and Level Annotations

Branches:
Dungeon (6/15)             Temple (0/1) D:6

Altars:
Ashenzari
Elyvilon
Makhleb
Nemelex Xobeh
Okawaru
Qazlal
Sif Muna
Vehumet
Xom
The Shining One

Shops:
D:5 :   D:6 ?


Innate Abilities, Weirdness & Mutations

You reflexively headbutt those who attack you in melee.
You have a pair of horns on your head.


Message History

Aiming: Throw Flame
Press: ? - help, Shift-Dir - straight line, f - you That beam is likely to hit you.
Continue anyway?
Okay, then.
The plant is engulfed in a cloud of scalding steam.
You are engulfed in a cloud of scalding steam.
You are engulfed in a cloud of scalding steam.
The electric eel shoots out a bolt of lightning at you!
The bolt of electricity misses you.
The electric eel shoots out a bolt of lightning at you!
The bolt of electricity hits you!
* * * LOW HITPOINT WARNING * * *
Okay, then.
Okay, then.
The electric eel shoots out a bolt of lightning at you!
The bolt of electricity hits you!
* * * LOW HITPOINT WARNING * * *
The electric eel shoots out a bolt of lightning at you!
The bolt of electricity hits you!
You die...

##.##.## #..♣♣♣P≈≈.≈≈P≈
#####..#####.≈♣♣♣≈≈≈.≈PP≈
....≈≈≈......♣≈≈≈≈≈≈.≈≈≈≈
...≈§§≈≈..###÷≈≈≈≈≈≈.PP≈≈
.#≈≈≈≈≈≈≈.##♣≈P≈≈≈≈≈.≈≈≈♣
#≈§≈>≈≈≈##≈≈≈≈≈≈≈P≈.;≈P≈
#≈≈≈§≈≈≈###≈≈≈≈≈≈≈≈.;≈≈#
#.≈≈≈≈≈.# ##♣≈≈≈≈≈♣.♣≈#
#..≈≈≈..# #.♣≈@≈≈...#
######.## #...###...#
........ .### ####...## #
#####


You could see 2 electric eels.

Vanquished Creatures
  Edmund (D:6)
  Duvessa (D:6)
  An ogre (D:6)
  Dowan (D:6)
  An electric eel (D:6)
  A hound (D:5)
  An orc priest (D:4)
  An orc wizard (D:4)
  A bullfrog skeleton (D:5)
  2 iguanas (D:4)
  6 worker ants
  A hound skeleton (D:4)
  5 adders
  2 oozes
  A worm (D:4)
  A dart slug (D:3)
  8 orcs
  5 giant cockroaches
  6 goblins
  11 hobgoblins
  6 jackals
  3 quokkas
  2 ball pythons (D:2)
  2 bats (D:2)
  5 frilled lizards
  9 kobolds
  14 rats
98 creatures vanquished.

Vanquished Creatures (others)
  5 dream sheep (D:4)
5 creatures vanquished.

Grand Total: 103 creatures vanquished

Notes
Turn   | Place    | Note
-------+----------+-------------------------------------------
     0 | D:1      | Peloso the Minotaur Fighter began the quest for the Orb.
     0 | D:1      | Reached XP level 1. HP: 19/19 MP: 0/0
   111 | D:1      | Reached XP level 2. HP: 22/27 MP: 1/1
   475 | D:1      | Found a sparkling altar of Nemelex Xobeh.
   511 | D:1      | Reached XP level 3. HP: 33/33 MP: 2/2
  1063 | D:2      | Reached XP level 4. HP: 40/40 MP: 3/3
  2251 | D:3      | Found a shattered altar of Ashenzari.
  2338 | D:3      | Found a radiant altar of Vehumet.
  2339 | D:3      | Found a burning altar of Makhleb.
  2343 | D:3      | Found a stormy altar of Qazlal.
  2795 | D:4      | Reached XP level 5. HP: 46/46 MP: 4/4
  2852 | D:4      | Reached skill level 5 in Armour
  3310 | D:4      | Reached skill level 5 in Shields
  3321 | D:4      | Reached XP level 6. HP: 30/53 MP: 5/5
  3529 | D:4      | Found a white marble altar of Elyvilon.
  3529 | D:4      | Found a shimmering blue altar of Sif Muna.
  3534 | D:4      | Found a faded altar of an unknown god.
  3536 | D:4      | Found a faded altar of an unknown god.
  3537 | D:4      | Found an iron altar of Okawaru.
  3543 | D:4      | Became a worshipper of Warmaster Okawaru
  3605 | D:4      | Reached skill level 5 in Long Blades
  3627 | D:4      | Noticed a dream sheep
  3627 | D:4      | Noticed a dream sheep
  3627 | D:4      | Noticed a dream sheep
  3627 | D:4      | Noticed a dream sheep
  3627 | D:4      | Noticed a dream sheep
  3627 | D:4      | Found a shimmering altar of Xom.
  3632 | D:4      | Killed a dream sheep
  3632 | D:4      | Killed a dream sheep
  3632 | D:4      | Killed a dream sheep
  3632 | D:4      | Killed a dream sheep
  3633 | D:4      | Killed a dream sheep
  3806 | D:5      | Entered Level 5 of the Dungeon
  3812 | D:5      | Reached skill level 1 in Dodging
  4112 | D:5      | Found Anufopn's Book Boutique.
  4276 | D:5      | Found a glowing golden altar of the Shining One.
  4327 | D:6      | Reached XP level 7. HP: 39/60 MP: 6/6
  4341 | D:6      | Found Pogoma Wemorgh's Magic Scroll Emporium.
  4366 | D:6      | Bought a scroll of noise for 13 gold pieces
  4366 | D:6      | Bought a scroll of fog for 26 gold pieces
  4366 | D:6      | Bought a scroll of identify for 26 gold pieces
  4366 | D:6      | Bought a scroll of teleportation for 39 gold pieces
  4366 | D:6      | Bought a scroll of teleportation for 39 gold pieces
  4506 | D:6      | Noticed Edmund
  4514 | D:6      | Killed Edmund
  4514 | D:6      | Reached * piety under Okawaru
  4589 | D:6      | Noticed Dowan
  4590 | D:6      | Noticed Duvessa
  4867 | D:6      | Killed Duvessa
  4877 | D:6      | Killed Dowan
  4914 | D:6      | Found a staircase to the Ecumenical Temple.
  4925 | D:6      | Reached skill level 1 in Evocations
  5112 | D:6      | HP: 2/60 [electric eel/bolt of electricity (11)]
  5112 | D:6      | Killed from afar by an electric eel

Levels and vault maps discovered:
D:1:      sevenhm_arrival_forest_fort_large_4, layout_basic,
          kennysheep_flooded_box, minmay_misc_feat_roman,
          minmay_misc_feat_nine_boxes
D:2:      layout_basic, first_ration, lemuel_another_geyser
D:3:      layout_loops_ring, minitemple, minmay_fractal_squares_gapless_5
D:4:      layout_loops_corners, kb_xom_exploding_sheep,
          chequers_temple_overflow_minitemple
D:5:      layout_gridville, lemuel_coloured_pillars_altar, serial_shops,
          nicolae_shop_waterfront
D:6:      layout_rooms, minmay_temple_entry_mist, serial_shops,
          nicolae_shop_statue_plus, minivault_14, roderic_serpentine_path,
          serial_bayou_lagoon_b, uniq_duvessa, uniq_edmund

Skill      XL: |  1  2  3  4  5  6  7 |
---------------+----------------------+-----
Shields        | 4 5 6 |  6.0
Armour         | 4 5 6 |  6.4
Long Blades    | 3 4 5 6 |  6.4
Fighting       | 4 |  4.8
Dodging        | 1 |  1.8
Evocations     | 1 |  1.0
Stealth        | |  0.5

Action                   |  1- 3 |  4- 6 |  7- 9 || total
-------------------------+-------+-------+-------++-------
Melee: Long sword        |    72 |   153 |    33 ||   258
       Headbutt          |    11 |    31 |    11 ||    53
Evoke: Wand              |       |       |     4 ||     4
  Use: Scroll            |       |     7 |     1 ||     8
       Potion            |       |     4 |     1 ||     5
  Eat: Chunk             |       |     6 |     6 ||    12
       Ration            |       |     1 |     1 ||     2
Armor: Scale mail        |    44 |    44 |       ||    88
       Chain mail        |       |    20 |    22 ||    42
Dodge: Dodged            |    32 |    33 |     7 ||    72
Block: Shield            |    48 |    68 |    29 ||   145
       Rpst.: Long sword |     5 |    13 |     3 ||    21
